Description

Use the prism to lift in zealots into the enemy toss/terran main base, then keep on using it to warp in more zealots.

Stop making probes at 23-24(not including probe used for proxy). Pull probes off gas after you got enough gas for charge/robo bay.

Replay - World of Sleepers LE (607)

Build Order

Get SALT Encoding   

  12  0:03  Probe  
  13  0:17  Pylon  
  13  0:18  Probe  
  14  0:30  Probe  
  14  0:31  Assimilator  
  15  0:42  Probe  
  16  0:49  Gateway  
  16  0:55  Probe  
  17  1:08  Probe  
  18  1:20  Probe  
  19  1:32  Probe  
  20  1:37  Cybernetics Core  
  20  1:40  Pylon  
  20  1:43  Gateway  
  20  1:46  Zealot  
  22  1:50  Probe  
  23  2:02  Probe  
  24  2:18  Twilight Council  
  24  2:27  Warp Gate  
  24  2:30  Stalker  
  24  2:32  Zealot  
  28  2:41  Gateway  
  28  2:47  Pylon  Proxy
  28  2:49  Charge (Chrono Boost)  
  28  3:01  Pylon  
  28  3:07  Zealot x2  
  32  3:25  Robotics Facility  proxy
  33  3:28  Gateway  proxy
  33  3:41  Gateway  
  33  3:50  Zealot x3  
  39  4:22  Warp Prism (Chrono Boost)  
  39  4:28  Zealot x3  
  47  4:33  Pylon  
Spawning Tool Build Advisor. Get it on Overwolf

Go to:

Details

  • Created by: rederoin
  • Published on: Jan 02, 2020
  • Modified on: Jan 02, 2020
  • Patch: 4.11.0
Show
View Real Time Build Order
Export as new Build Order

Comments (0)

There are no comments. Be the first!

Create an account to comment!